 Dungeon Crawl Stone Soup version 0.30-a0-341-g682706514a (webtiles) character file.

Game seed: 14084293650438661044

482618 MrRokkomies the Impregnable (level 23, 0/202 (216) HPs)
             Began as an Armataur Gladiator on Nov 3, 2022.
             Was a Follower of Yredelemnul.
             Succumbed to a deep elf annihilator's poison arrow
             ... on level 3 of the Elven Halls on Nov 4, 2022.
             The game lasted 02:16:56 (50079 turns).

MrRokkomies the Impregnable (Armataur Gladiator)   Turns: 50079, Time: 02:16:57

HP:   0/202 (216)   AC: 47    Str: 39    XL:     23   Next: 73%
MP:   0/41          EV:  8    Int: 12    God:    Yredelemnul [*.....]
Gold: 1605          SH:  0    Dex: 17    Spells: 22/22 levels left

rFire   + + +      SeeInvis +    a - +7 lajatang (vorpal)
rCold   + + +      Faith    .    (shield currently unavailable)
rNeg    . . .      Spirit   +    T - +11 gold dragon scales of Qeg Qoh {+Inv rPois rF+ rC+ Str+5}
rPois   +          Reflect  .    c - +1 hat {Will+}
rElec   +          Harm     .    Y - scarf {rC+ rF+}
rCorr   +          Roll     +    m - +1 pair of gloves of the Filigreed God {Contam MP+9 SInv}
Will    +++..                    Z - +0 barding
Stlth   ..........               M - amulet "Ufubog" {Spirit Fly rElec rC+}
HPRegen 0.53/turn                C - ring of Tomorrow {Will+ Str+6 Int+3 Dex+3}
MPRegen 0.27/turn                i - ring "Gakay" {rPois rF+ rCorr}

@: lethally poisoned (0 -> -2), flying, studying Shields, drained
A: large, rugged brown scales 3, deformed body, armoured tail, roll, long
tongue, awkward tongue, stinger 1, low MP 1, sense surroundings 1
}: 2/15 runes: decaying, serpentine
a: Renounce Religion, Evoke Invisibility, Recall Undead Harvest


You were on level 3 of the Elven Halls.
You worshipped Yredelemnul.
Yredelemnul was most pleased with you.
You visited 7 branches of the dungeon, and saw 37 of its levels.
You visited the Abyss 2 times.
You also visited: Sewer, Ossuary, Gauntlet, Ice Cave, Volcano and Desolation.

You collected 4286 gold pieces.
You spent 2681 gold pieces at shops.

Inventory:

Hand Weapons
 a - a +7 vorpal lajatang (weapon)
 b - a +5 lajatang of flaming
Missiles
 d - 5 throwing nets
 e - 20 javelins
 o - 6 silver javelins
 D - 17 curare-tipped darts
Armour
 c - a +1 hat of willpower (worn)
 m - the +1 pair of gloves of the Filigreed God (worn) {Contam MP+9 SInv}
   (You acquired it on level 12 of the Dungeon)

   MP:        It affects your magic capacity (+9).
   SInv:      It lets you see invisible.
   Contam:    It causes magical contamination when unequipped.
 T - the +11 gold dragon scales of Qeg Qoh (worn) {+Inv rPois rF+ rC+ Str+5}
   (You found it in the Desolation of Salt)

   Str:       It affects your strength (+5).
   rF:        It protects you from fire.
   rC:        It protects you from cold.
   rPois:     It protects you from poison.
   +Inv:      It lets you turn invisible.
 Y - a scarf of resistance (worn)
 Z - a +0 barding (worn)
Jewellery
 i - the ring "Gakay" (right hand) {rPois rF+ rCorr}
   (You bought it in a shop on level 3 of the Snake Pit)

   [ring of resist corrosion]

   rF:        It protects you from fire.
   rPois:     It protects you from poison.
   rCorr:     It protects you from acid and corrosion.
 n - the ring of Ximutil {rN+ Int+3}
   (You found it in the Desolation of Salt)

   [ring of positive energy]

   Int:       It affects your intelligence (+3).
   rN:        It protects you from negative energy.
 t - the ring "Ryfa" {rPois rC+++ Will- rCorr Str+2}
   (You found it in a Gauntlet)

   [ring of poison resistance]

   Str:       It affects your strength (+2).
   rC:        It renders you almost immune to cold.
   rPois:     It protects you from poison.
   rCorr:     It protects you from acid and corrosion.
   Will:      It decreases your willpower.
 C - the ring of Tomorrow (left hand) {Will+ Str+6 Int+3 Dex+3}
   (You acquired it on level 2 of the Vaults)

   [ring of strength]

   Str:       It affects your strength (+6).
   Int:       It affects your intelligence (+3).
   Dex:       It affects your dexterity (+3).
   Will:      It increases your willpower.
 L - the ring of the Hare {EV+8}
   (You acquired it on level 7 of the Dungeon)

   [ring of evasion]

   EV:        It affects your evasion (+8).
 M - the amulet "Ufubog" (around neck) {Spirit Fly rElec rC+}
   (You bought it in a shop on level 11 of the Dungeon)

   [amulet of guardian spirit]

   It causes incoming damage to be divided between your reserves of health and
   magic.
   rC:        It protects you from cold.
   rElec:     It insulates you from electricity.
   Fly:       It grants you flight.
 N - the amulet of Vitality {RegenMP++ Regen++}
   (You took it off a centaur on level 13 of the Dungeon)

   [amulet of magic regeneration]

   It increases your rate of magic regeneration.
   Regen:     It increases your rate of health regeneration.
Wands
 u - a wand of iceblast (45)
 A - a wand of charming (19)
 B - a wand of polymorph (21)
 I - a wand of digging (13)
 R - a wand of mindburst (31) (quivered)
 X - a wand of quicksilver (15)
Scrolls
 f - a scroll of silence
 k - a scroll of brand weapon
 l - 4 scrolls of torment
 q - 3 scrolls of fear
 s - 4 scrolls of butterflies
 E - a scroll of blinking
 G - 3 scrolls of immolation
 J - 19 scrolls of teleportation
 Q - 9 scrolls of amnesia
 S - 3 scrolls of poison
 W - 6 scrolls of magic mapping
Potions
 g - 6 potions of mutation
 j - 24 potions of curing
 p - a potion of cancellation
 r - 2 potions of resistance
 v - a potion of heal wounds
 x - 6 potions of haste
 F - 10 potions of ambrosia
 H - 9 potions of lignification
 K - 2 potions of invisibility
 O - 8 potions of magic
 U - 3 potions of might
 V - 3 potions of brilliance
Miscellaneous
 h - a condenser vane (inert)
 y - a box of beasts
 z - a phantom mirror
 P - a lightning rod (4/4)


   Skills:
 * Level 16.2 Fighting
 - Level 14.0 Staves
 - Level 6.3 Throwing
 + Level 26.3 Armour
 * Level 7.8 Dodging
 + Level 18.2 Invocations
 - Level 18.2 Evocations


You had 22 spell levels left.
You didn't know any spells.
Your spell library contained the following spells:

 Spells                   Type           Power      Damage    Failure   Level
 Beastly Appendage        Tmut           0%         N/A       77%         1
 Kiss of Death            Conj/Necr      0%         2d5       77%         1
 Magic Dart               Conj           0%         1d3       77%         1
 Sandblast                Erth           0%         2d4       77%         1
 Shock                    Conj/Air       0%         1d3       77%         1
 Summon Small Mammal      Summ           0%         N/A       77%         1
 Ensorcelled Hibernation  Hex/Ice        0%         N/A       88%         2
 Passwall                 Tmut/Erth      0%         N/A       88%         2
 Searing Ray              Conj           0%         2d4       88%         2
 Call Canine Familiar     Summ           0%         N/A       98%         3
 Confusing Touch          Hex            0%         N/A       98%         3
 Dazzling Flash           Conj/Hex       0%         N/A       98%         3
 Frozen Ramparts          Ice            0%         1d1       98%         3
 Hailstorm                Conj/Ice       0%         3d3       98%         3
 Inner Flame              Hex/Fire       0%         N/A       98%         3
 Portal Projectile        Hex/Tloc       0%         N/A       98%         3
 Spider Form              Tmut/Pois      0%         N/A       98%         3
 Stone Arrow              Conj/Erth      0%         3d7       98%         3
 Summon Guardian Golem    Hex/Summ       0%         N/A       98%         3
 Swiftness                Air            0%         N/A       98%         3
 Vhi's Electric Charge    Tloc/Air       0%         N/A       98%         3
 Anguish                  Hex/Necr       0%         N/A       100%        4
 Cause Fear               Hex            0%         N/A       100%        4
 Dispel Undead            Necr           0%         3d6       100%        4
 Flame Wave               Conj/Fire      0%         2d4       100%        4
 Fulminant Prism          Conj/Hex       0%         3d5       100%        4
 Ice Form                 Ice/Tmut       0%         N/A       100%        4
 Iskenderun's Mystic Bla  Conj/Tloc      0%         2d3       100%        4
 Leda's Liquefaction      Hex/Erth       0%         N/A       100%        4
 Manifold Assault         Tloc           0%         N/A       100%        4
 Sticky Flame             Conj/Fire      0%         2d3       100%        4
 Summon Ice Beast         Ice/Summ       0%         N/A       100%        4
 Summon Lightning Spire   Summ/Air       0%         N/A       100%        4
 Alistair's Intoxication  Tmut/Pois      0%         N/A       100%        5
 Arcjolt                  Conj/Air       0%         1d10      100%        5
 Lee's Rapid Deconstruct  Erth           0%         3d4*      100%        5
 Dispersal                Tloc           0%         N/A       100%        6
 Starburst                Conj/Fire      0%         6d3       100%        6
 Statue Form              Tmut/Erth      0%         N/A       100%        6
 Dragon Form              Tmut           0%         N/A       100%        7
 Enfeeble                 Hex            0%         N/A       100%        7
 Haunt                    Necr/Summ      0%         N/A       100%        7
 Storm Form               Tmut/Air       0%         N/A       100%        7
 Discord                  Hex            0%         N/A       100%        8
 Disjunction              Tloc           0%         N/A       100%        8
 Infestation              Necr           0%         N/A       100%        8
 Maxwell's Capacitive Co  Air            0%         ∞         100%        8
 Animate Dead             Necr           Unusable   N/A       N/A         4
 Simulacrum               Ice/Necr       Unusable   N/A       N/A         6

Dungeon Overview and Level Annotations

Branches:
Dungeon (15/15)            Temple (0/1) D:5            Lair (5/5) D:10
  Swamp (4/4) Lair:2        Snake (4/4) Lair:2        Slime (0/5) Lair:4
    Orc (2/2) D:10            Elf (3/3) Orc:2        Vaults (4/5) D:14
  Crypt (0/3) Vaults:3     Depths (0/4) D:15          Sewer (visited)
Ossuary (visited)           IceCv (visited)         Volcano (visited)
Desolation (visited)      Gauntlet (visited)

Altars:
Ashenzari
Cheibriados
Fedhas
Gozag
Hepliaklqana
Kikubaaqudgha
Nemelex Xobeh
Ru
Sif Muna
Trog
Vehumet
Xom
Yredelemnul
Zin
Jiyva

Shops:
D:5 :   D:8 :   D:11 *   Orc:2 **(:   Elf:1 =   Snake:1 **[(   Snake:3 =
Snake:4 :==   Vaults:1 =   Vaults:3 *

Portals:
Pandemonium: Orc:2

Annotations:
Lair:4 2 transporters


Innate Abilities, Weirdness & Mutations

You are completely covered in rugged brown scales. (AC +3, +7% HP)
Armour fits poorly on your strangely shaped body.
You have a long armoured tail.
You roll when moving toward enemies. (Rampage)
Your long tongue fully drains potion bottles. (2x potion effects)
Your tongue gives you trouble enunciating. (1.5x scroll delay)
Your tail ends in a venomous barb.
Your magical capacity is low. (-10% MP)
You passively map a small area around you.


Message History

The deep elf annihilator hits you but does no damage.
The deep elf zephyrmancer casts a spell at you.
The bolt of lightning hits you but does no damage.
The deep elf death mage hits you with a +0 rapier.
* * * LOW HITPOINT WARNING * * *
You hear a shout!
You slice the deep elf annihilator!!
You kill the deep elf annihilator!
The dead are walking!
You feel very sick.
You feel sick.
You feel very sick.
You see here a +0 long sword.
You feel sick.
The deep elf death mage beckons forth a restless soul!
The deep elf zephyrmancer gestures at you while chanting.
The bolt of lightning misses your deep elf annihilator zombie.
The bolt of lightning hits you. You resist.
* * * LOW HITPOINT WARNING * * *
Your deep elf annihilator zombie hits the deep elf annihilator.
You hear a shout!
Things that are here:
a +0 ring mail; a +0 rapier You feel sick.
The deep elf death mage points at you and mumbles some strange words.
The bolt of negative energy hits you!!
You feel drained.
* * * LOW HITPOINT WARNING * * *
The deep elf annihilator mumbles some strange words.
The deep elf annihilator blinks!
The deep elf zephyrmancer points at you and mumbles some strange words.
The bolt of lightning hits your deep elf annihilator zombie!!
The bolt of lightning hits you! You resist.
* * * LOW HITPOINT WARNING * * *
Your deep elf annihilator zombie hits the deep elf archer.
You hear a shout!
Blink to where?
Press: ? - help, Dir - move target As you slowly read the scroll of blinking, it crumbles to dust.
You die...
Your body rises from the dead as a mindless zombie.

##........#
###.#
##[..Z.^..# #.#
#.).Z#....# #.#
#...####### #.#
#.[.# #.# ##.##
#Z# #.# #Z# #.#
#Z# ##### ###
##@# #Z#
###..*###.###..#
###Z###
#.....e)).[§...#
#..)..#
#.e.eeZ#.)######
#....)'
#.#e.#)..##
#..P..# *#
#[)#)### #.....#
* #.)### #.....#
, #)e# ###'###
,#ee# ,* #.#


There were no monsters in sight!

Vanquished Creatures
  A bone dragon (Abyss:3)
  Zenata (Elf:3)
  2 liches (Vaults:3)
  2 deep elf blademasters (Elf:3)
  A deep elf master archer (Elf:3)
  Frances (Swamp:2)
  A tengu reaver (Vaults:4)
  Roxanne (Elf:3)
  A nagaraja (Snake:4)
  10 deep elf sorcerers
  2 imperial myrmidons (Desolation)
  Aizul (Snake:1)
  16 vault wardens
  2 ghouls (Swamp:2)
  5 war gargoyles
  16 ironbound preservers
  3 deep elf elementalists (Elf:3)
  A very ugly thing (Vaults:2)
  9 ironbound thunderhulks
  A stone giant (Vaults:3)
  3 eleionomae
  A deep elf demonologist (Elf:3)
  7 deep elf annihilators (Elf:3)
  2 halazid warlocks (Desolation)
  4 bunyips
  A minotaur (Gauntlet)
  9 dire elephants
  Snorg (Lair:5)
  2 ettins
  2 deep elf death magi (Elf:3)
  An entropy weaver (Vaults:4)
  8 great orbs of eyes
  A shambling mangrove (Swamp:4)
  9 ragged hierophants (Desolation)
  3 crystal guardians
  2 deep elf high priests (Elf:3)
  A green death (Abyss:3)
  7 yaktaur captains
  19 hydras
  10 vault guards
  6 peacekeepers
  8 servants of whispers (Desolation)
  10 ironbound frosthearts
  2 demonspawn (Orc:2)
  A two-headed ogre (D:13)
  5 anacondas (Snake:4)
  11 boulder beetles
  15 centaur warriors
  2 salamander tyrants (Snake:4)
  2 catoblepae
  A spriggan air mage (Swamp:4)
  5 naga warriors
  27 dancing weapons
  3 tengu warriors
  A deep troll earth mage (D:12)
  8 alligators
  4 death yaks (IceCv)
  A thrashing horror (Abyss:3)
  Urug (Lair:5)
  5 orc high priests (Orc:2)
  3 shock serpents
  10 naga sharpshooters
  13 deep elf knights
  A hell knight (Volcano)
  A wretched star (Abyss:3)
  3 salamander mystics
  2 skeletal warriors
  2 goliath frogs
  A spriggan rider (Swamp:2)
  6 swamp dragons
  4 naga ritualists
  2 glowing orange brains
  4 spriggan druids
  A death drake (Swamp:4)
  51 deep trolls
  A phantasmal warrior (D:12)
  8 deep elf archers
  7 wizards
  17 ironbound convokers
  11 lindwurms
  6 orc knights
  4 bog bodies
  24 deep elf zephyrmancers
  A tengu zombie (Vaults:2)
  3 will-o-the-wisps
  A cyclops (shapeshifter) (Abyss:3)
  26 deep elf pyromancers
  An oklob plant (Lair:5)
  5 manticores
  13 salamanders
  31 ugly things
  9 mana vipers
  4 cyclopes
  5 orc sorcerers
  2 elephants
  A smoke demon (Abyss:3)
  43 black mambas
  4 molten gargoyles
  An ice statue (IceCv)
  A human skeleton (Vaults:2)
  22 vault sentinels
  5 guardian serpents
  3 gargoyles
  9 naga magi
  Joseph (D:7)
  7 cane toads
  32 yaktaurs
  2 rime drakes
  An unseen horror (D:13)
  8 komodo dragons
  2 freezing wraiths
  3 kobold demonologists
  A yaktaur zombie (Vaults:4)
  2 efreet
  An elf (Vaults:3)
  An ancient zyme (Abyss:3)
  2 hellwings
  A queen bee (Gauntlet)
  3 tengu conjurers
  A queen bee (shapeshifter) (Abyss:3)
  3 hornets
  3 trolls
  A troll (shapeshifter) (D:15)
  2 large abominations (Abyss:3)
  8 polar bears
  3 tyrant leeches
  A tarantella (Vaults:3)
  50 saltlings (Desolation)
  Prince Ribbit (D:6)
  A tengu simulacrum (Vaults:4)
  16 slime creatures
  2 raiju (Abyss:3)
  A snapping turtle (shapeshifter) (Elf:3)
  5 blink frogs
  3 air elementals
  A centaur simulacrum (D:15)
  4 wyverns
  9 wraiths
  4 shadows
  35 yaks
  A yak (shapeshifter) (Elf:1)
  4 fire elementals
  3 water elementals
  A ynoxinul (Vaults:3)
  2 neqoxecs (Abyss:3)
  A fire bat (Volcano)
  6 elf zombies (Elf:3)
  2 vampires
  A fire bat (shapeshifter) (D:15)
  8 basilisks
  3 steam dragons
  A redback (shapeshifter) (Vaults:4)
  8 vampire mosquitoes
  A chaos spawn (Abyss:3)
  3 redbacks
  36 nagas
  13 swamp worms
  Menkaure (D:7)
  A warg (Orc:1)
  An acid dragon (D:11)
  13 water moccasins
  16 orc warriors
  3 hell hounds (Lair:5)
  2 swamp drakes (Swamp:4)
  Pargi (Sewer)
  2 sky beasts (D:7)
  A human zombie (Vaults:4)
  A black bear (D:6)
  12 centaurs
  An ogre (Orc:2)
  22 wolves
  4 boggarts (Vaults:1)
  2 phantoms
  4 kobold brigands
  9 bullfrogs
  A small abomination (Abyss:3)
  A gnoll sergeant (D:10)
  13 wights (D:9)
  18 killer bees
  9 electric eels
  2 jellies (D:6)
  6 lava snakes
  A human simulacrum (Vaults:2)
  17 orc priests
  4 hounds (D:6)
  A gnoll bouda (D:9)
  An iguana (D:6)
  10 orc wizards
  8 mummies (Ossuary)
  14 gnolls
  8 adders
  2 shadow imps
  13 white imps
  2 ufetubi
  3 worms
  56 orcs
  3 bats (D:2)
  7 endoplasms
  2 giant cockroaches
  5 gnoll zombies
  9 goblins
  5 hobgoblins
  9 jackals
  11 kobolds
  8 quokkas
  2 ball pythons (D:2)
  A frilled lizard (D:1)
  A hobgoblin zombie (Ossuary)
  3 kobold zombies
  An orc zombie (Ossuary)
  5 rats
1333 creatures vanquished.

Vanquished Creatures (collateral kills)
  A quicksilver dragon (Abyss:3)
  A thorn hunter (Swamp:3)
  5 nagarajas
  A frost giant (Vaults:4)
  An orc warlord (Vaults:4)
  A ghoul (Swamp:2)
  An ironbound thunderhulk (Vaults:3)
  A very ugly thing (Vaults:2)
  2 ironbound preservers
  An eleionoma (Swamp:2)
  A bunyip (Swamp:4)
  Azrael (Orc:2)
  3 dire elephants
  A fire dragon (Lair:5)
  Josephine (Lair:5)
  An entropy weaver (Vaults:3)
  2 vault guards (Vaults:3)
  2 servants of whispers (Desolation)
  5 hydras
  2 ghost crabs
  An ironbound frostheart (Vaults:4)
  2 boulder beetles (D:15)
  An ogre mage (D:13)
  6 anacondas
  A two-headed ogre (D:6)
  A death knight (D:13)
  3 death yaks (IceCv)
  8 naga warriors
  5 alligators
  2 orc high priests (Orc:2)
  4 shock serpents
  A thrashing horror (Abyss:3)
  Sonja (Orc:2)
  A sun demon (Orc:2)
  2 goliath frogs
  2 skeletal warriors (D:15)
  3 salamander mystics
  12 deep trolls
  A spriggan druid (Swamp:3)
  2 spriggan riders
  4 bog bodies
  A deep elf archer (Elf:1)
  5 orc knights
  5 naga ritualists
  4 swamp dragons (Swamp:4)
  A wizard (D:15)
  6 lindwurms
  2 necromancers
  2 ironbound convokers
  3 deep elf pyromancers
  6 mana vipers
  3 manticores
  5 ugly things
  A cyclops (D:12)
  3 orc sorcerers (Orc:2)
  2 salamanders (Snake:2)
  A large abomination (Abyss:3)
  2 will-o-the-wisps
  6 guardian serpents (Snake:4)
  9 black mambas
  A rust devil (Orc:2)
  Maurice (D:11)
  6 naga magi
  3 vault sentinels
  3 elephants (Lair:4)
  A molten gargoyle (Lair:5)
  A yaktaur zombie (Vaults:4)
  A cane toad (Lair:4)
  An efreet (D:15)
  A rime drake (Lair:3)
  A kobold demonologist (D:11)
  A freezing wraith (D:14)
  4 komodo dragons
  5 yaktaurs
  A hellwing (Orc:2)
  An ancient zyme (Abyss:3)
  2 polar bears (IceCv)
  A queen bee (Lair:3)
  A troll (D:13)
  4 tyrant leeches
  A hornet (D:7)
  A slime creature (Vaults:3)
  A raiju (Abyss:3)
  3 saltlings (Desolation)
  8 blink frogs
  A stone giant simulacrum (Vaults:4)
  3 wraiths
  3 wyverns
  16 yaks
  A spriggan (Swamp:1)
  4 basilisks
  2 fire elementals
  A fire bat (Volcano)
  2 steam dragons (Lair:3)
  3 vampire mosquitoes
  5 swamp worms
  13 nagas
  2 hell hounds
  4 water moccasins
  3 swamp drakes
  7 orc warriors (Orc:2)
  A manticore zombie (D:15)
  An ogre (Orc:2)
  3 centaurs
  10 wolves
  A necrophage (Swamp:2)
  3 bullfrogs
  A wight (D:9)
  13 killer bees
  3 electric eels (Lair:2)
  4 lava snakes (Lair:5)
  9 orc priests
  An iguana (D:6)
  3 orc wizards
  2 gnolls
  An adder (D:5)
  A river rat (Lair:3)
  A white imp (D:7)
  2 orc zombies (Orc:2)
  18 orcs
  A gnoll zombie (D:7)
  6 kobolds
  2 kobold zombies
  3 briar patches (Swamp:3)
  2 bushes (Lair:5)
  A fungus (Lair:5)
381 creatures vanquished.

Vanquished Creatures (others)
  A spectral elf (Elf:3)
  A spectral frost giant (Snake:2)
  A spectral naga (Vaults:1)
  A salamander tyrant (Snake:2)
  A naga warrior (Snake:2)
  A deep elf knight (Elf:2)
  A very ugly thing zombie (Vaults:2)
  6 anaconda zombies
  A spectral green death (Abyss:3)
  2 spectral humans
  A tengu zombie (Vaults:4)
  7 ugly thing zombies
  A frost giant zombie (Vaults:4)
  A deep elf zephyrmancer (Elf:1)
  2 dire elephant zombies (Vaults:2)
  A guardian serpent (Snake:4)
  A molten gargoyle (Desolation)
  2 redback zombies (Vaults:4)
  4 mana viper zombies
  A tarantella zombie (Vaults:3)
  A great orb of eyes zombie (Vaults:3)
  4 guardian serpent zombies
  A slime creature zombie (Vaults:2)
  6 black mamba zombies
  A basilisk (Lair:5)
  A tyrant leech zombie (Swamp:4)
  2 fire bat zombies
  10 deep troll zombies
  An entropy weaver zombie (Vaults:3)
  A spectral smoke demon (Abyss:3)
  31 human zombies
  A swamp dragon zombie (Swamp:4)
  3 lindwurm zombies
  2 blink frog zombies
  A vampire mosquito zombie (D:9)
  A spectral chaos spawn (Abyss:3)
  18 elf zombies
  A spectral ynoxinul (Vaults:3)
  10 yaktaur zombies
  2 komodo dragon zombies
  5 salamander zombies
  2 wyvern zombies (Lair:3)
  A cyclops zombie (Abyss:3)
  3 water moccasin zombies
  A queen bee zombie (Abyss:3)
  2 polar bear zombies (IceCv)
  5 yak zombies
  A killer bee (Lair:3)
  7 wolf zombies
  11 centaur zombies
  2 bullfrog zombies
  A basilisk zombie (Lair:3)
  2 boggart zombies (Vaults:1)
  17 killer bee zombies
  18 naga zombies
  3 hound zombies (D:6)
  A spectral electric eel (Lair:2)
  2 steam dragon zombies
  A jelly zombie (D:6)
  2 lava snake zombies (Volcano)
  A spectral white imp (Lair:1)
  A kobold (D:14)
  2 gnoll zombies (D:9)
  A jackal zombie (Sewer)
  3 kobold zombies
  27 orc zombies
  2 demonic plants (Gauntlet)
  17 foxfires
  50 fungi
  75 plants
  9 toadstools (Swamp:3)
  2 withered plants (D:5)
412 creatures vanquished.

Grand Total: 2126 creatures vanquished

Notes
Turn   | Place    | Note
-------+----------+-------------------------------------------
     0 | D:1      | MrRokkomies the Armataur Gladiator began the quest for the
                  | Orb.
     0 | D:1      | Reached XP level 1. HP: 18/18 MP: 1/1
   152 | D:1      | Reached XP level 2. HP: 24/25 MP: 2/2
   291 | D:1      | Reached skill level 1 in Armour
   642 | D:2      | Reached XP level 3. HP: 32/32 MP: 3/3
  1006 | D:2      | Reached XP level 4. HP: 38/39 MP: 4/4
  1303 | D:3      | Found a sacrificial altar of Ru.
  1330 | D:3      | Reached skill level 2 in Armour
  2033 | D:4      | Found a basalt altar of Yredelemnul.
  2036 | D:4      | Became a worshipper of Yredelemnul the Dark
  2048 | D:4      | Reached XP level 5. HP: 48/48 MP: 5/5
  2116 | D:4      | Found a glowing drain.
  2129 | Sewer    | Entered a sewer
  2186 | Sewer    | Noticed Pargi
  2200 | Sewer    | Killed Pargi
  2201 | Sewer    | Reached skill level 1 in Invocations
  2502 | D:4      | Reached * piety under Yredelemnul
  2503 | D:4      | Reached XP level 6. HP: 55/55 MP: 7/7
  2675 | D:4      | Reached ** piety under Yredelemnul
  2806 | D:5      | Entered Level 5 of the Dungeon
  2817 | D:4      | Reached skill level 3 in Armour
  3008 | D:5      | Found Ulieh's Book Emporium.
  3015 | D:5      | Reached XP level 7. HP: 63/63 MP: 7/9
  3059 | D:5      | Found an ancient bone altar of Kikubaaqudgha.
  3120 | D:5      | Found a staircase to the Ecumenical Temple.
  3438 | D:6      | Noticed Prince Ribbit
  3444 | D:6      | Killed Prince Ribbit
  3448 | D:6      | Reached skill level 4 in Armour
  3617 | D:6      | Reached skill level 5 in Fighting
  3617 | D:6      | Reached XP level 8. HP: 72/72 MP: 9/11
  3976 | D:6      | Identified the +6 sling of the Hall of Blades {speed, Fly}
  4005 | D:6      | Found a glowing silver altar of Zin.
  4114 | D:6      | Reached *** piety under Yredelemnul
  4129 | D:6      | Found an opulent altar of Gozag.
  4166 | D:6      | Noticed a two-headed ogre
  4176 | D:6      | Killed a two-headed ogre
  4177 | D:6      | Reached skill level 5 in Armour
  4177 | D:6      | Reached skill level 5 in Invocations
  4180 | D:6      | Reached XP level 9. HP: 15/80 MP: 10/13
  4803 | D:7      | Identified a scroll of acquirement
  4803 | D:7      | Acquired the ring of the Hare {EV+8}
  4803 | D:7      | Found the ring of the Hare {EV+8}
  4815 | D:7      | Paralysed by a hornet for 1 turns
  4995 | D:7      | Found a sand-covered staircase.
  4996 | D:7      | Noticed Menkaure
  5003 | D:7      | Killed Menkaure
  5009 | Ossuary  | Entered an ossuary
  5594 | D:7      | Found a blossoming altar of Fedhas.
  5771 | D:7      | Noticed Joseph
  5785 | D:7      | Killed Joseph
  5786 | D:7      | Reached skill level 5 in Throwing
  5786 | D:7      | Reached skill level 6 in Armour
  5984 | D:8      | Found Moemeham's Book Shop.
  6315 | D:8      | Found a sparkling altar of Nemelex Xobeh.
  6479 | D:8      | Found a bloodstained altar of Trog.
  6479 | D:8      | Found a broken altar of Ashenzari.
  6682 | D:9      | Noticed a kobold demonologist
  6689 | D:9      | Noticed an ice devil
  6690 | D:9      | Killed a kobold demonologist
  6691 | D:9      | Reached XP level 10. HP: 90/92 MP: 15/15
  6992 | D:9      | Found a shimmering altar of Xom.
  7093 | D:9      | Reached skill level 5 in Dodging
  7284 | D:9      | Reached skill level 7 in Armour
  7517 | D:9      | Noticed a red ugly thing
  7537 | D:9      | Killed a red ugly thing
  8135 | D:10     | Entered Level 10 of the Dungeon
  8253 | D:10     | Found a staircase to the Lair.
  8563 | D:10     | Found a staircase to the Orcish Mines.
  8940 | D:10     | Found a radiant altar of Vehumet.
  8959 | D:10     | Identified the +0 pair of gloves of the Hidden Vale
                  | {Rampage rPois}
  9246 | D:10     | Identified the +1 quarterstaff "Goblinbane" {speed, rPois
                  | rN+}
  9615 | D:10     | Found a snail-covered altar of Cheibriados.
  9852 | Lair:1   | Entered Level 1 of the Lair of Beasts
  9852 | Lair:1   | Noticed a boulder beetle
  9875 | Lair:1   | Killed a boulder beetle
  9876 | Lair:1   | Reached XP level 11. HP: 72/101 MP: 17/17
  9929 | Lair:1   | Found a frozen archway.
  9970 | IceCv    | Entered an ice cave
 10252 | IceCv    | Reached skill level 8 in Armour
 10296 | IceCv    | Noticed a death yak
 10296 | IceCv    | Noticed a death yak
 10319 | IceCv    | Killed a death yak
 10330 | IceCv    | Killed a death yak
 10535 | IceCv    | Reached **** piety under Yredelemnul
 10555 | IceCv    | Reached skill level 11 in Armour
 10555 | IceCv    | Reached XP level 12. HP: 101/112 MP: 18/18
 10555 | IceCv    | Reached XP level 13. HP: 107/118 MP: 19/19
 10629 | IceCv    | Reached ***** piety under Yredelemnul
 10706 | IceCv    | Reached skill level 10 in Staves
 10916 | IceCv    | Reached skill level 10 in Fighting
 10926 | IceCv    | Reached ****** piety under Yredelemnul
 11130 | IceCv    | Noticed a frost giant
 11144 | IceCv    | Reached skill level 12 in Armour
 11157 | IceCv    | Killed a frost giant
 11157 | IceCv    | Enslaved a frost giant
 11330 | IceCv    | Identified the +6 rapier of Oridyvis {freeze, Str+3}
 12074 | Lair:1   | Found an ancient bone altar of Kikubaaqudgha.
 12209 | Lair:1   | You fall into a shaft and drop 1 floor!
 12261 | Lair:2   | Reached XP level 14. HP: 68/130 MP: 21/21
 12350 | Lair:2   | Found a dark tunnel.
 12362 | Volcano  | Entered a volcano
 12908 | Volcano  | Found a burning altar of Makhleb.
 12916 | Volcano  | Reached skill level 10 in Invocations
 13423 | Lair:2   | Found a staircase to the Snake Pit.
 13953 | Lair:2   | Found a staircase to the Swamp.
 14790 | Lair:3   | Reached skill level 13 in Armour
 16096 | Lair:4   | Found a transporter.
 16515 | Lair:4   | Found a staircase to the Slime Pits.
 16515 | Lair:4   | Found a viscous altar of Jiyva.
 16577 | Lair:4   | Found a transporter.
 16790 | Lair:5   | Entered Level 5 of the Lair of Beasts
 16836 | Lair:5   | Noticed Josephine
 16846 | Lair:5   | Killed Josephine
 16893 | Lair:5   | Reached XP level 15. HP: 141/143 MP: 23/23
 16901 | Lair:5   | Found a large runed translucent door.
 16902 | Lair:5   | Found a large runed translucent door.
 17137 | Lair:5   | Noticed Urug
 17150 | Lair:5   | Killed Urug
 17582 | Lair:5   | Noticed Snorg
 17589 | Lair:5   | Killed Snorg
 18158 | Orc:1    | Entered Level 1 of the Orcish Mines
 18327 | Orc:2    | Entered Level 2 of the Orcish Mines
 18329 | Orc:2    | Noticed Sonja
 18341 | Orc:2    | Killed Sonja
 18342 | Orc:2    | Reached skill level 14 in Armour
 18713 | Orc:2    | Found Quinlad's General Store.
 18713 | Orc:2    | Found Foutaog's General Store.
 18784 | Orc:2    | Bought a phantom mirror for 560 gold pieces
 18784 | Orc:2    | Bought a scroll of immolation for 56 gold pieces
 19160 | Orc:2    | Found Eshralom's Antique Weapon Shop.
 19160 | Orc:2    | Found Vout's Book Boutique.
 19161 | Orc:2    | Found a one-way gate leading to the halls of Pandemonium.
 19199 | Orc:2    | Noticed Azrael
 19215 | Orc:2    | Killed Azrael
 19476 | Orc:2    | Found a staircase to the Elven Halls.
 20153 | D:11     | Noticed Maurice
 20157 | D:11     | Killed Maurice
 20167 | D:11     | Found Liaczai's Neck Hole.
 20172 | D:11     | Bought the amulet "Ufubog" {Spirit Fly rElec rC+} for 690
                  | gold pieces
 20172 | D:11     | Bought a scarf of resistance for 416 gold pieces
 20556 | D:12     | Found a runed translucent door.
 20650 | D:12     | Acquired the +1 pair of gloves of the Filigreed God {Contam
                  | MP+9 SInv}
 20862 | D:12     | Identified the +3 sling of Sin {freeze, rPois}
 21460 | D:13     | Reached XP level 16. HP: 143/155 MP: 25/25
 21752 | D:13     | Reached skill level 15 in Armour
 22721 | D:14     | Reached skill level 1 in Evocations
 22904 | D:14     | Found a gate to the Vaults.
 23695 | D:15     | Entered Level 15 of the Dungeon
 23717 | D:15     | Found a gate leading to a gauntlet.
 23750 | Gauntlet | Entered a Gauntlet
 23750 | Gauntlet | Found a transporter.
 23758 | Gauntlet | Found a transporter.
 23760 | Gauntlet | Found a transporter.
 23771 | Gauntlet | Found a transporter.
 23774 | Gauntlet | Found a transporter.
 23783 | Gauntlet | Found a transporter.
 23801 | Gauntlet | Found a runed translucent door.
 23805 | Gauntlet | Found a transporter.
 23815 | Gauntlet | Found a transporter.
 23823 | Gauntlet | Found a runed translucent door.
 23826 | Gauntlet | Found a transporter.
 23848 | Gauntlet | Found a transporter.
 23860 | Gauntlet | Found a transporter.
 23860 | Gauntlet | Found a transporter.
 23903 | Gauntlet | Found a runed translucent door.
 23908 | Gauntlet | Found a transporter.
 23922 | Gauntlet | Found a transporter.
 24110 | Gauntlet | Identified the ring "Ryfa" {rPois rC+++ Will- rCorr Str+2}
 24158 | Gauntlet | Identified the +2 swamp dragon scales of Muttered Phrases
                  | {rPois Str+4 Int-3 SInv}
 24254 | D:15     | Reached skill level 15 in Fighting
 24336 | D:15     | Reached skill level 5 in Evocations
 24356 | D:15     | Found a staircase to the Depths.
 25368 | Swamp:1  | Entered Level 1 of the Swamp
 25689 | Swamp:1  | Reached skill level 16 in Armour
 26099 | Swamp:2  | Reached XP level 17. HP: 161/166 MP: 26/26
 26123 | Swamp:2  | Reached skill level 18 in Armour
 26123 | Swamp:2  | Reached XP level 18. HP: 174/174 MP: 27/27
 26123 | Swamp:2  | Reached XP level 19. HP: 181/181 MP: 28/28
 26556 | Swamp:2  | Found a hazy altar of Hepliaklqana.
 26675 | Swamp:2  | Noticed Frances
 26683 | Swamp:2  | Killed Frances
 27190 | Swamp:3  | Reached skill level 19 in Armour
 27324 | Swamp:4  | Entered Level 4 of the Swamp
 27925 | Swamp:4  | Got a decaying rune of Zot
 27966 | Swamp:4  | Reached skill level 10 in Evocations
 28291 | Snake:1  | Entered Level 1 of the Snake Pit
 28655 | Snake:1  | Found Tuosk's Assorted Antiques.
 28663 | Snake:1  | Reached skill level 20 in Armour
 28700 | Snake:1  | Found Meom's Armour Boutique.
 28700 | Snake:1  | Found Zyguicoji's General Store.
 28703 | Snake:1  | Found Ypror's Antique Weapon Boutique.
 28758 | Snake:1  | Bought a +0 barding for 253 gold pieces
 28766 | Snake:1  | Bought a runed helmet for 172 gold pieces
 29205 | Snake:1  | Noticed Aizul
 29214 | Snake:1  | Killed Aizul
 29885 | Snake:2  | Reached XP level 20. HP: 141/190 MP: 22/30
 31269 | Snake:3  | Found Vukh's Jewellery Boutique.
 31277 | Snake:3  | Bought the ring "Gakay" {rPois rF+ rCorr} for 534 gold
                  | pieces
 31633 | Snake:4  | Entered Level 4 of the Snake Pit
 31881 | Snake:4  | Reached skill level 21 in Armour
 32198 | Snake:4  | Found Udupehey's Jewellery Boutique.
 32199 | Snake:4  | Found Ozodex's Book Emporium.
 32201 | Snake:4  | Found Hurghagg's Jewellery Boutique.
 32335 | Snake:4  | Reached skill level 15 in Invocations
 33976 | Snake:4  | Got a serpentine rune of Zot
 34336 | Vaults:1 | Entered Level 1 of the Vaults
 34459 | Vaults:1 | Reached skill level 22 in Armour
 35197 | Abyss:2  | Cast into level 2 of the Abyss (a wizard)
 35218 | Vaults:1 | Escaped the Abyss
 35344 | Vaults:1 | Reached XP level 21. HP: 150/196 MP: 32/32
 35766 | Vaults:1 | Found Qohaep's Jewellery Shoppe.
 36901 | Vaults:2 | Reached skill level 23 in Armour
 37347 | Vaults:2 | Reached skill level 15 in Evocations
 37373 | Vaults:2 | Identified the +1 leather armour of Happy Babbling {rPois
                  | rCorr}
 37718 | Vaults:2 | You are sucked into a shaft and drop 2 floors!
 38508 | Vaults:4 | Paralysed by a great orb of eyes for 2 turns
 38568 | Vaults:4 | Reached skill level 24 in Armour
 39557 | Vaults:4 | Reached XP level 22. HP: 198/205 MP: 34/34
 40774 | Abyss:3  | Cast into level 3 of the Abyss (vault guard)
 41029 | Abyss:3  | Gained mutation: You sometimes lose your temper in combat.
                  | [a neqoxec]
 41059 | Vaults:3 | Escaped the Abyss
 41447 | Vaults:3 | Reached skill level 25 in Armour
 41685 | Vaults:3 | Lost mutation: You sometimes lose your temper in combat.
                  | [potion of mutation]
 41685 | Vaults:3 | Gained mutation: You are occasionally teleported next to
                  | monsters. [potion of mutation]
 41685 | Vaults:3 | Gained mutation: Your flesh is heat resistant. (rF+)
                  | [potion of mutation]
 41685 | Vaults:3 | Gained mutation: You have sharp toenails. [potion of
                  | mutation]
 41686 | Vaults:3 | Lost mutation: You have sharp toenails. [potion of
                  | mutation]
 41686 | Vaults:3 | Lost mutation: You are occasionally teleported next to
                  | monsters. [potion of mutation]
 41686 | Vaults:3 | Lost mutation: Your flesh is heat resistant. (rF+) [potion
                  | of mutation]
 41686 | Vaults:3 | Gained mutation: Your magical capacity is low. (-10% MP)
                  | [potion of mutation]
 41686 | Vaults:3 | Gained mutation: Your tail ends in a venomous barb. [potion
                  | of mutation]
 41686 | Vaults:3 | Gained mutation: You passively map a small area around you.
                  | [potion of mutation]
 41724 | Vaults:3 | Found Duumo's Assorted Antiques.
 41998 | Vaults:3 | Found a staircase to the Crypt.
 43387 | Vaults:2 | Acquired the ring of Tomorrow {Will+ Str+6 Int+3 Dex+3}
 43753 | Elf:1    | Entered Level 1 of the Elven Halls
 43864 | Elf:1    | Found a crumbling gateway.
 43871 | Desolati | Entered the Desolation of Salt
 44656 | Desolati | Identified the ring of Ximutil {rN+ Int+3}
 44657 | Desolati | Identified the +11 gold dragon scales of Qeg Qoh {+Inv
                  | rPois rF+ rC+ Str+5}
 44775 | Desolati | Reached XP level 23. HP: 210/212 MP: 32/32
 45605 | Elf:1    | Found a shimmering blue altar of Sif Muna.
 45620 | Elf:1    | Found an ancient bone altar of Kikubaaqudgha.
 45662 | Elf:1    | Reached skill level 26 in Armour
 45822 | Elf:1    | Found Sufefata's Jewellery Shoppe.
 46414 | Elf:1    | Got Jeek's Papyrus of Friendly Conjuring
 47007 | Elf:2    | Found a runed translucent gate.
 47007 | Elf:2    | Found a runed translucent gate.
 47008 | Elf:2    | Found a runed translucent gate.
 47797 | Elf:2    | HP: 10/200 [poisoned by a +1 halberd of venom]
 47802 | Elf:2    | HP: 7/200 [poisoned by a +1 halberd of venom]
 47824 | Elf:2    | HP: 10/200 [+1 halberd of venom (9)]
 48545 | Elf:3    | Entered Level 3 of the Elven Halls
 48741 | Elf:3    | Identified the +8 sling of Lust {freeze, rC+ Int+5}
 48779 | Elf:3    | Noticed Zenata
 48793 | Elf:3    | Killed Zenata
 49229 | Elf:3    | Identified Roxanne's Atlas of Metamorphosis
 49229 | Elf:3    | Noticed Roxanne
 49245 | Elf:3    | Killed Roxanne
 50051 | Elf:3    | Identified the ring "Zetz" {rF- rN+++ rCorr Int+2 Stlth+}
 50054 | Elf:3    | Identified the ring "Qakigg" {rPois rC++ Str+3 Int+6
                  | Stlth+}
 50055 | Elf:3    | Identified the +7 war axe of the Big Fish {vorpal, rPois
                  | Dex+2}
 50078 | Elf:3    | HP: 9/202 [deep elf death mage/bolt of negative energy
                  | (24)]
 50078 | Elf:3    | HP: 1/202 [deep elf zephyrmancer/bolt of lightning (8)]
 50079 | Elf:3    | Succumbed to a deep elf annihilator's poison arrow

Illustrated notes

Levels and vault maps discovered:
D:1:      dpeg_arrival_connections, layout_loops_ring
D:2:      layout_rooms
D:3:      layout_loops_ring, mainiacjoe_overflow_catwalk
D:4:      layout_basic, kennysheep_mini_moat, portal_sewer_entry_d,
          serial_park_tiny_1
D:5:      layout_gridville, kiku_gazebo_garden_becter,
          minmay_temple_entry_arrows, serial_shops, nicolae_lakefront_shop
D:6:      layout_basic, pdpol_temple_overflow_zin_treasury_gozag_greed,
          lightli_minifort, uniq_prince_ribbit1
D:7:      layout_rooms, fedhas_altar_4, enter_ossuary_3,
          hellmonk_bongcloud_opening, uniq_menkaure, uniq_joseph
D:8:      layout_rooms, mainiacjoe_overflow_small_starburst,
          nicolae_overflow_two_pavilions, nicolae_stop_n_shop_1
D:9:      cheibrodos_two_vegetables, layout_basic, xom_teletrap_fun
D:10:     layout_basic, chei_slow_surprise, mainiacjoe_overflow_paths,
          lair_entry_dummy, erik_orc_1
D:11:     layout_rooms, minmay_misc_feat_pillars,
          nicolae_shop_sticking_my_neck_out, uniq_maurice
D:12:     layout_loops_ring, minmay_hidden_floor
D:13:     minmay_the_grid_4x2 [minmay_the_grid_large_cup,
          minmay_the_grid_outer_diamond, minmay_the_grid_small_cups,
          minmay_the_grid_spin_star, minmay_the_grid_spikes,
          minmay_the_grid_aliased_spiral, minmay_the_grid_minigrid_medium,
          minmay_the_grid_prize_four_corners], layout_cave_pools
D:14:     layout_loops_cross, erik_vaults_1, nrook_campfire
D:15:     hangedman_depths_entry_civil_slaughter, layout_rooms,
          grunt_decor_junction, gauntlet_entry_generic, grunt_ministairs_11
Lair:1:   layout_chaotic_city, basic_altar, portal_ice_cave_entry_imps,
          worms_lemuel
Lair:2:   layout_long_grid, minmay_swamp_entry_eels,
          guppyfry_snake_entry_island, lightli_volcano_entry_magma_tube,
          serial_bayou_shore_a
Lair:3:   regret_index_bee_streams, layout_regular_city, grunt_megastairs_4
Lair:4:   gammafunk_cloud_chamber, layout_hall_layers, slime_entry_1,
          serial_bayou_shore_b, infiniplex_staircase_pool_2, grunt_megastairs_3
Lair:5:   cheibrodos_lair_end_hotspot, layout_cave_shapes, uniq_snorg,
          uniq_josephine, uniq_urug
Swamp:1:  layout_basic_swamp, serial_swamp_ruin, evilmike_swamp_ruin_house_6,
          hangedman_swamp_ruin_hall, evilmike_swamp_ruin_house_5
Swamp:2:  layout_basic_swamp, nicolae_swamp_feature_on_the_river_bank,
          swamp_pool2, uniq_frances
Swamp:3:  cheibrodos_swamp_tower_of_moss, layout_basic_swamp,
          hangedman_swamp_ruin_wall
Swamp:4:  swamp_alternative, layout_basic_swamp
Snake:1:  layout_misc_corridors, st_stairs_4, minmay_shoptagon,
          grunt_megastairs_5, uniq_aizul
Snake:2:  layout_basic
Snake:3:  layout_chambers, serial_shops, nicolae_shop_advertising_works
          [nicolae_subvault_shop_adworks]
Snake:4:  grunt_snake_rune_serpentine_throne, layout_chambers,
          minmay_shop_grove, grunt_megastairs_2
Orc:1:    layout_caves, ebering_ghost_rock_garden
Orc:2:    pf_orc_diabolical, layout_diamond_mine, uniq_azrael, uniq_sonja
Elf:1:    kennysheep_ambush_hall, layout_loops_ring, serial_shops,
          nicolae_lakefront_shop, portal_desolation_entry_ruin,
          minmay_elf_sorcery, corexii_hall_statues_i, hangedman_elf_simple_split
Elf:2:    nicolae_elf_blades_splatter_lattice [infiniplex_blade_entry_pillars],
          layout_geoelf_octagon
Elf:3:    minmay_elf_hall_x, layout_geoelf_diagonals, abandoned_shop, drop_trap,
          uniq_zenata, uniq_roxanne
Vaults:1: v_misc_5, vaults_mumra_minichess, vaults_dpeg_encased_lava,
          v_alt_pattern_4, hangedman_vaults_maws,
          nicolae_vaults_ring_of_whatevers, ontoclasm_vaults_decontamination,
          ontoclasm_vaults_chip, v_misc_4, vaults_standard_mumra_x,
          layout_vaults_big_room, serial_shops, shop
Vaults:2: nicolae_vaults_little_squares_3, ontoclasm_vaults_loading_screen,
          hangedman_vaults_variations, nicolae_vaults_border_crossing,
          nicolae_vaults_network_quinsquares
          [nicolae_vaults_network_quincunx_subvault,
          nicolae_vaults_network_quincunx_subvault,
          nicolae_vaults_network_quincunx_subvault,
          nicolae_vaults_network_quincunx_subvault],
          vaults_standard_mumra_enter_the_diamond, vaults_room_pools, v_misc_3,
          ontoclasm_vaults_misaligned, vaults_dpeg_cross, v_misc_18,
          st_spiral_rooms, nicolae_vaults_little_squares_3, vaults_room_hallway,
          layout_vaults_maze
Vaults:3: vaults_standard_mumra_lines, v_misc_33,
          nicolae_vaults_twisting_passages, vaults_room_door_hall,
          hangedman_vaults_river_flow, v_misc_22, ontoclasm_vaults_bender,
          v_alt_pattern_1, v_pattern_1, nicolae_vaults_holding_cells, v_misc_22,
          layout_vaults_omnigrid, minmay_crypt_entry_nasty_monster,
          serial_shops, nicolae_diamond_shop
Vaults:4: ontoclasm_vaults_gallery, ontoclasm_vaults_twist,
          nicolae_vaults_arrows, v_misc_32, nicolae_vaults_diagonal_hallway_8,
          vaults_room_grid, nicolae_vaults_back_hallway,
          nicolae_vaults_little_squares_2, v_misc_17, hangedman_vaults_nails,
          nicolae_vaults_diagonal_hallway_7, v_misc_27, hangedman_vaults_slice,
          hangedman_vaults_cutoff, layout_vaults_omnicross

Skill      XL: |  1  2  3  4  5  6  7  8  9 10 11 12 13 14 15 16 17 18 19 20 21 22 23 |
---------------+----------------------------------------------------------------------+-----
Fighting       | 2 3 4 5 6 7 8 9 10 12 13 15 16 | 16.2
Throwing       | 2 3 4 5 6 |  6.3
Armour         | 1 2 3 4 5 6 7 11 12 13 14 16 18 20 22 24 25 26 | 26.3
Invocations    | 1 2 4 5 7 8 9 11 12 13 14 15 16 17 18 | 18.2
Dodging        | 3 4 5 7 |  7.8
Staves         | 9 10 12 14 | 14.0
Evocations     | 6 11 14 16 18 | 18.2

Action                   |  1- 3 |  4- 6 |  7- 9 | 10-12 | 13-15 | 16-18 | 19-21 | 22-24 || total
-------------------------+-------+-------+-------+-------+-------+-------+-------+-------++-------
Melee: Quarterstaff      |    84 |   155 |   295 |   286 |   434 |       |       |       ||  1254
       Tailslap          |     8 |    17 |    32 |    72 |   205 |    76 |   335 |   249 ||   994
       Trident           |       |       |       |   157 |       |       |       |       ||   157
       Lajatang          |       |       |       |       |   667 |   418 |  1607 |  1180 ||  3872
Throw: Dart              |       |     3 |    11 |    27 |     4 |     4 |       |       ||    49
       Throwing net      |       |       |       |     2 |       |       |       |       ||     2
Invok: Recall Undead Har |       |       |     1 |       |     9 |     5 |    11 |     5 ||    31
       Drain Life        |       |       |       |       |     3 |       |     7 |       ||    10
       Dark Bargain      |       |       |       |       |     3 |       |     5 |       ||     8
       Bind Soul         |       |       |       |       |     1 |       |     4 |     1 ||     6
Evoke: Wand              |       |       |     2 |    17 |       |       |     3 |    26 ||    48
       Condenser vane    |       |       |       |       |     1 |       |     1 |     2 ||     4
       Phantom mirror    |       |       |       |       |       |       |     1 |       ||     1
       Box of beasts     |       |       |       |       |       |       |       |     2 ||     2
  Use: Scroll            |     4 |    10 |     5 |     7 |    17 |     3 |    12 |     9 ||    67
       Potion            |       |       |     1 |     6 |     7 |     2 |     5 |    19 ||    40
 Stab: Distracted        |       |       |     2 |     4 |    10 |     3 |    19 |    11 ||    49
       Invisible         |       |       |       |     6 |       |       |       |       ||     6
       Paralysed         |       |       |       |       |     1 |       |       |       ||     1
       Fleeing           |       |       |       |       |       |       |     1 |       ||     1
Armor: Scale mail        |    53 |    91 |    87 |       |       |       |       |       ||   231
       Chain mail        |       |       |   105 |   108 |       |       |       |       ||   213
       Crystal plate arm |       |       |       |    16 |   488 |   224 |  1590 |   674 ||  2992
       Gold dragon scale |       |       |       |       |       |       |       |   435 ||   435
Dodge: Dodged            |    44 |    64 |   220 |   282 |   504 |   204 |   480 |   377 ||  2175
Block: Other             |       |    14 |    76 |   107 |   155 |       |       |       ||   352
       Reflection        |       |       |     4 |     5 |     1 |       |       |       ||    10

Table legend: (Time is in decaauts)
 A = Elapsed time spent in this place.
 B = Non-inter-level travel time spent in this place.
 C = Inter-level travel time spent in this place.
 D = Time resting spent in this place.
 E = Time spent auto-exploring this place.
 F = Levels seen in this place.
 G = Mean time per level.
                   A        B        C        D        E       F      G
               +--------+--------+--------+--------+--------+-----+--------+
         Total |  49036 |  46921 |   2115 |   7154 |  30773 |  45 | 1089.7 |
       Dungeon |  14590 |  13636 |    954 |    399 |  10791 |  15 |  972.7 |
          Lair |   5556 |   5110 |    446 |    220 |   3882 |   5 | 1111.2 |
         Swamp |   2843 |   2680 |    163 |    270 |   1948 |   4 |  710.8 |
     Snake Pit |   5781 |   5613 |    168 |    729 |   4105 |   4 | 1445.2 |
  Orcish Mines |   1708 |   1579 |    129 |    260 |   1090 |   2 |  854.0 |
   Elven Halls |   4605 |   4483 |    122 |   1185 |   2434 |   3 | 1535.0 |
        Vaults |   8592 |   8461 |    131 |   2365 |   4660 |   4 | 2148.0 |
         Abyss |    279 |    279 |      0 |     64 |     64 |   2 |  139.5 |
         Sewer |    186 |    186 |      0 |      0 |    102 |   1 |  186.0 |
       Ossuary |    443 |    443 |      0 |     87 |    196 |   1 |  443.0 |
      Ice Cave |   1658 |   1658 |      0 |    483 |    784 |   1 | 1658.0 |
       Volcano |    889 |    889 |      0 |    400 |    176 |   1 |  889.0 |
    Desolation |   1488 |   1488 |      0 |    691 |    347 |   1 | 1488.0 |
      Gauntlet |    411 |    411 |      0 |      0 |    193 |   1 |  411.0 |
               +--------+--------+--------+--------+--------+-----+--------+

Top non-repeatable levels by time:
Vaults:4: 2537 daAuts
 Snake:4: 2464 daAuts
Vaults:2: 2215 daAuts
Vaults:3: 2112 daAuts
    D:10: 1944 daAuts
Vaults:1: 1726 daAuts
   Elf:1: 1686 daAuts
   IceCv: 1658 daAuts
   Orc:2: 1536 daAuts
     D:9: 1517 daAuts
   Elf:3: 1488 daAuts
Desolation: 1488 daAuts
     D:6: 1472 daAuts
   Elf:2: 1430 daAuts
 Snake:1: 1409 daAuts
